AoeStats
← TheBoogeyman

Arena

510484673Analyzed
4v4 RM · 23h ago on Oct 1, 2026· 25m 35s· 8 players
Game mode
Random Map
Map size
Large (8 player)
Population
200
Speed
Normal
Resources
Standard
Victory
Conquest
Starting age
Dark Age
Ending age
Imperial Age
RankedLock teamsTeams togetherTeam positionsShared explorationLock speedFull tech treeHidden civsTurbo modeCheats
Victory
Defeat
🇨🇳 Wu · China
1712
+8
🇨🇳 Mongols · China
1698
+9
🇨🇳 Huns · China
1650
+10
🇨🇳 Cumans · China
1254
+26
🇨🇦 Persians · Canada
1578
-15
🇹🇼 Byzantines · Taiwan
1525
-14
🇨🇳 Magyars · China
1519
-13
🇹🇼 Celts · Taiwan
1452
-11
肉肉小狗
10:20 Feudal Age
13:58 Castle Age
12:16 Double-Bit Axe
12:42 Horse Collar
15:18 Bow Saw
19:42 Wheelbarrow
20:59 Heavy Plow
23:06 Loom
23:45 Gold Mining
23:55 Fletching
25:04 Stone Mining
sss129458
10:02 Feudal Age
11:10 Double-Bit Axe
14:03 Castle Age
12:45 Horse Collar
15:44 Bow Saw
19:31 Heavy Plow
21:28 Wheelbarrow
23:37 Gold Mining
24:16 Hand Cart
25:21 Loom
JINJIN
10:03 Feudal Age
13:54 Castle Age
12:25 Horse Collar
16:30 Double-Bit Axe
24:56 Ballistics
TheBoogeyman
9:41 Feudal Age
13:37 Castle Age
11:55 Double-Bit Axe
12:41 Horse Collar
14:30 Bow Saw
19:59 Heavy Plow
19:56 Gold Mining
21:08 Stone Mining
22:02 Wheelbarrow
22:21 Loom
26:55 Imperial Age
25:06 Hand Cart
25:01 Scale Barding Armor
飘雪
9:23 Feudal Age
10:07 Double-Bit Axe
10:20 Horse Collar
16:55 Gold Mining
20:59 Castle Age
19:38 Loom
20:32 Forging
20:28 Scale Barding Armor
21:34 Bloodlines
22:17 Iron Casting
22:23 Wheelbarrow
21:56 Heavy Plow
22:11 Bow Saw
23:55 Chain Barding Armor
愈演愈裂
9:40 Feudal Age
11:22 Loom
13:50 Castle Age
12:22 Double-Bit Axe
12:56 Horse Collar
19:55 Fletching
20:48 Wheelbarrow
22:06 Bodkin Arrow
23:22 Bow Saw
25:42 Ballistics
兰博基尼
10:30 Feudal Age
14:29 Castle Age
13:05 Double-Bit Axe
13:16 Horse Collar
15:52 Bow Saw
15:53 Heavy Plow
20:38 Wheelbarrow
22:55 Gold Mining
27:20 Imperial Age
25:07 Stone Mining
25:53 Gold Shaft Mining
26:23 Bloodlines
26:13 Husbandry
木龟硬挂帅
10:34 Feudal Age
14:37 Castle Age
13:27 Double-Bit Axe
13:48 Horse Collar
15:11 Fletching
15:57 Loom
18:38 Gold Mining
20:39 Bodkin Arrow
23:01 Bow Saw
24:42 Ballistics
26:39 Wheelbarrow
Connection lost

Rejoining the realm…

Still unreachable

The connection could not be restored.

Session expired

The server has moved on; the page needs a fresh start.